Map: Base du roi Sejong EC

Players

Mairo - Winner!

  • Race: Terran Terran
  • Spawn Location: 5:00

zidar

  • Race: Zerg Zerg
  • League: Platinum
  • Spawn Location: 11:00

VOD

Have the link to the VOD?

Description

Time

  • Played on: Nov. 16, 2016, 2:01 p.m.
  • Length: 9:19
Show
View Real Time Build Order
Export as new Build Order

Mairo Terran - Winner!

Build Orders: Reaper Expand 

Get SALT Encoding   

  12  0:01  SCV  
  13  0:13  SCV  
  14  0:17  Supply Depot  
  14  0:25  SCV  
  15  0:39  SCV  
  15  0:40  Barracks  
  16  0:46  Refinery  
  16  0:51  SCV  
  17  1:03  SCV  
  18  1:15  SCV  
  19  1:28  Orbital Command  
  19  1:30  Reaper  
  20  1:44  Command Center  
  20  1:55  Barracks  
  20  1:57  SCV  
  21  2:05  Supply Depot  
  21  2:09  SCV  
  21  2:10  Barracks Reactor  
  22  2:16  Refinery  
  22  2:22  SCV  
  23  2:34  SCV  
  24  2:43  Factory  
  24  2:44  Barracks Tech Lab  
  24  2:46  Marine x2, SCV  
  27  2:58  Orbital Command  
  27  3:00  SCV  
  28  3:08  Marine x3, Stimpack  
  31  3:14  SCV  
  32  3:33  SCV  
  33  3:34  SCV  
  33  3:37  Marine  
  33  3:40  Factory Reactor  
  33  3:41  Marine x2  
  36  3:44  Starport  
  36  3:49  Supply Depot  
  36  3:52  Supply Depot  
  36  3:55  Marine  
  37  3:58  Marine  
  37  4:02  SCV x2  
  40  4:11  Marine  
  40  4:16  Engineering Bay  
  41  4:17  Marine x2  
  41  4:18  Engineering Bay  
  43  4:27  SCV x2  
  43  4:29  Medivac x2  
  49  4:35  Marine  
  49  4:36  Marine x2  
  49  4:38  Factory Tech Lab, Supply Depot  
  52  4:39  SCV  
  52  4:41  Refinery  
  52  4:45  SCV  
  54  4:51  SCV  
  54  4:52  Terran Infantry Weapons Level 1  
  55  4:53  Marine  
  55  4:54  Terran Infantry Armor Level 1  
  56  5:02  Marine x2  
  58  5:11  Marine  
  59  5:14  SCV x2  
  59  5:19  Marine  
  59  5:20  Marine  
  63  5:23  Supply Depot  
  63  5:24  Supply Depot, Medivac x2  
  67  5:29  Marine  
  67  5:33  Refinery  
  68  5:37  Marine x2  
  68  5:38  Liberator  
  70  5:45  SCV x2, Siege Tank  
  70  5:47  Marine, Supply Depot  
  76  5:55  Marine x2  
  81  5:59  SCV x2  
  83  6:11  SCV  
  83  6:13  Marine x3  
  83  6:17  Siege Tank  
  90  6:23  Command Center  
  90  6:29  Supply Depot  
  90  6:30  Armory  
  90  6:31  Marine x3  
  93  6:45  Medivac x2  
  91  6:49  Marine x3  
  88  7:09  Marine x3  
  88  7:10  Siege Tank  
  88  7:11  Liberator  
  88  7:13  SCV x2  
  96  7:27  Marine x3  
  102  7:37  Orbital Command  
  102  7:45  Marine x2  
  102  7:50  Marine  
  105  7:57  Combat Shield  
  105  7:59  Barracks  
  105  8:01  Barracks  
  105  8:02  Marine  
  105  8:03  Marine  
  107  8:08  Marine  
  108  8:14  Medivac x2  
  112  8:20  Marine x2  
  112  8:26  Marine, Siege Tank  
  114  8:31  Missile Turret  
  113  8:34  Missile Turret  
  113  8:38  Marine x2  
  112  8:44  Marine  
  112  8:47  Marine  
  114  8:48  Barracks  
  112  8:55  Marine  
  112  8:56  Marine x2  
  112  9:01  Marine  
Show
View Real Time Build Order
Export as new Build Order

zidar Zerg 

Build Orders: Hatch First, Muta Ling Bane 

Get SALT Encoding   

  12  0:01  Drone  
  13  0:12  Overlord  
  13  0:17  Drone  
  14  0:31  Drone x2  
  16  0:53  Hatchery  
  16  0:54  Drone  
  16  1:03  Extractor, Drone  
  16  1:04  Drone  
  17  1:21  Spawning Pool  
  16  1:28  Drone  
  16  1:29  Drone  
  18  1:34  Drone  
  19  2:08  Queen  
  21  2:09  Queen  
  21  2:10  Metabolic Boost  
  21  2:13  Zergling x4  
  24  2:29  Overlord  
  24  2:31  Drone x3  
  27  2:49  Zergling x2  
  28  3:15  Drone x2  
  28  3:16  Drone x4  
  28  3:19  Overlord  
  34  3:20  Overlord  
  34  3:24  Pneumatized Carapace  
  33  3:34  Baneling Nest  
  32  3:42  Extractor  
  32  3:45  Lair  
  31  3:51  Evolution Chamber  
  30  4:28  Drone x10  
  40  4:40  Zergling x2  
  40  4:41  Zergling x2  
  40  4:43  Queen  
  44  4:50  Zerg Melee Weapons Level 1  
  44  4:52  Drone  
  45  4:54  Drone x3  
  48  5:13  Extractor  
  47  5:14  Extractor  
  47  5:16  Queen  
  48  5:22  Baneling  
  48  5:23  Baneling x3  
  48  5:27  Drone x3  
  51  5:31  Overlord  
  51  5:32  Overlord  
  51  5:36  Spire  
  51  5:41  Evolution Chamber  
  49  5:59  Hatchery  
  48  6:20  Zergling x2  
  48  6:21  Zergling x26  
  62  6:34  Zerg Ground Armor Level 1  
  62  6:40  Infestation Pit  
  62  6:41  Baneling x10  
  59  6:57  Mutalisk x3  
  55  7:12  Drone x3  
  58  7:16  Centrifical Hooks  
  58  7:31  Infestation Pit  
  57  8:06  Drone x3  
  57  8:07  Overlord x4  
  57  8:08  Overlord x3  
  60  8:13  Hatchery  
  46  8:44  Zergling x12  
  52  8:55  Drone  
  55  9:07  Spire, Drone  
Tags
 
Add a new tag
Caveats
  • Supply blocks, unpowered buildings, or Contaminate may cause inaccurate times.
  • Supply counts are checked every 10 seconds.